 Dungeon Crawl Stone Soup version 0.31-a0-986-g5e6e4ef867 (webtiles) character file.

Game seed: 11885137787916398136

448 Danienth the Insei (level 7, -9/52 HPs)
             Began as a Gnoll Shapeshifter on Nov 8, 2023.
             Was a Follower of Trog.
             Killed by divine providence
             ... invoked by an orc priest
              (17 damage)
             ... on level 4 of the Dungeon.
             The game lasted 00:09:28 (3790 turns).

Danienth the Insei (Gnoll Shapeshifter)             Turns: 3790, Time: 00:09:28

Health: -9/52      AC:  6    Str: 13    XL:     7   Next: 3%
Magic:  10/10      EV: 13    Int: 10    God:    Trog [*.....]
Gold:   119        SH:  0    Dex: 13    Spells: 10/10 levels left

rFire   . . .        j - +2 dagger (venom)
rCold   . . .        (no shield)
rNeg    . . .        o - +2 leather armour {Will+}
rPois   .            g - +0 helmet
rElec   .            (no cloak)
rCorr   .            (no gloves)
SInv    .            (no boots)
Will    +....        (no amulet)
Stlth   ++           (no ring)
HPRegen 0.28/turn    (no ring)
MPRegen 0.12/turn

%: no passive effects
@: on berserk cooldown
A: fangs 1, strong nose, distributed training
a: Renounce Religion, Berserk


You were on level 4 of the Dungeon.
You worshipped Trog.
Trog was aware of your devotion.
You visited 1 branch of the dungeon, and saw 4 of its levels.

You collected 175 gold pieces.
You spent 56 gold pieces at shops.

Inventory:

Hand Weapons
 j - a +2 dagger of venom (weapon)
Missiles
 m - a javelin
 t - 4 poisoned darts (quivered)
Armour
 a - a +0 animal skin
 g - a +0 helmet (worn)
 o - a +2 leather armour of willpower (worn)
Talismans
 c - a beast talisman
 d - a flux talisman
Wands
 f - a wand of paralysis (8)
Scrolls
 e - 2 scrolls of amnesia
 h - a scroll of revelation {unknown}
 k - a scroll of immolation {unknown}
 n - a scroll of noise {unknown}
 p - a scroll of enchant armour {unknown}
 q - a scroll of enchant weapon {unknown}
Potions
 b - a potion of lignification
 i - a potion of mutation {unknown}
 l - 3 potions of degeneration
 r - 2 potions of curing
 s - a potion of heal wounds {unknown}


   Skills:
 + Level 3.4 Fighting
 + Level 2.2 Short Blades
 + Level 2.2 Long Blades
 + Level 2.2 Axes
 + Level 2.2 Maces & Flails
 + Level 2.2 Polearms
 + Level 2.2 Staves
 + Level 2.2 Ranged Weapons
 + Level 2.2 Throwing
 + Level 2.2 Armour
 + Level 5.1 Dodging
 + Level 2.2 Stealth
 + Level 2.2 Shields
 + Level 6.9 Unarmed Combat
 + Level 2.2 Spellcasting
 + Level 1.8 Conjurations
 + Level 1.8 Hexes
 + Level 1.8 Summonings
 + Level 1.8 Necromancy
 + Level 1.8 Translocations
 + Level 1.8 Transmutations
 + Level 1.8 Fire Magic
 + Level 1.8 Ice Magic
 + Level 1.8 Air Magic
 + Level 1.8 Earth Magic
 + Level 1.8 Poison Magic
 + Level 2.5 Invocations
 + Level 2.2 Evocations
 + Level 6.8 Shapeshifting


You had 10 spell levels left.
You didn't know any spells.
Your spell library was empty.

Dungeon Overview and Level Annotations

Branches:
Dungeon (4/15)
 Temple: D:4-7

Altars:
Hepliaklqana
Okawaru
Ru
Trog
Uskayaw

Shops:
D:1 ?

Annotations:
D:4 1 transporter


Innate Abilities, Weirdness & Mutations

You have very sharp teeth.
Your uncanny sense of smell can sniff out nearby items.
Your experience applies equally to all skills.


Message History

You hit the ogre.
The ogre looks as sick as possible!
The ogre is almost dead.
Hit: j) +2 dagger (venom)
Press: ? - help, Dir - move target, f/p - ogre
Aim: an ogre, wielding a +0 giant club (almost dead, extremely poisoned, about 21% to evade your +2 dagger of venom)
You puncture the ogre!
You kill the ogre!
Trog accepts your kill.
You have reached level 7!
You feel a strong urge to attack something.
You feel your anger nearly subside.
You are no longer berserk.
You are exhausted.
You feel yourself slow down.
You start resting.
You feel yourself speed up.
You start resting.
An orc priest comes into view. It is wielding a +0 hand axe.
An orc priest is nearby!
An orc priest is nearby!
An orc priest is nearby!
An orc priest is nearby!
Throw: 6 darts (poison)
Press: ? - help, Q - select action, (/) - cycle Shift-Dir - straight line, f - orc priest
Aim: an orc priest, wielding a +0 hand axe and wearing a +0 leather armour (wandering, hasn't noticed you, 56% to hit)
You throw a poisoned dart. The poisoned dart hits the orc priest.
The orc priest is poisoned.
The orc priest shouts!
The orc priest begins to cast a cantrip, but forgets the words!
Throw: 5 darts (poison)
Press: ? - help, Q - select action, (/) - cycle Shift-Dir - straight line, f/p - orc priest
Aim: an orc priest, wielding a +0 hand axe and wearing a +0 leather armour (poisoned, 56% to hit)
You throw a poisoned dart.
The poisoned dart closely misses the orc priest.
The orc priest calls down the wrath of Beogh upon you.
Pain shoots through your body!
* * * LOW HITPOINT WARNING * * *
The orc priest invokes the aid of Beogh against you.
Beogh smites you!
You die...

. ..... .... ∆ ...
#.. .o #..#. ... .#
.8#.... .. ###.##
.##[...##.#
###.)..# ##.?......
#...@.#
......#..####)†...#
......#..#...)...##
##..##....)....##
#....†.....##.##
###.............#
#..).............<
..................#
)........!........#


You could see an orc priest (poisoned).

Vanquished Creatures
  2 ogres (D:4)
  A scorpion (D:4)
  A hound (D:4)
  Robin (D:3)
  9 adders
  2 worms (D:2)
  4 dart slugs
  10 orcs
  6 ball pythons
  5 endoplasms
  A giant cockroach (D:4)
  7 hobgoblins
  5 jackals
  3 quokkas
  6 bats
  2 frilled lizards (D:1)
  10 goblins
  5 kobolds
  6 rats
86 creatures vanquished.

Notes
Turn   | Place    | Note
-------+----------+-------------------------------------------
     0 | D:1      | Danienth the Gnoll Shapeshifter began the quest for the
                  | Orb.
     0 | D:1      | Reached XP level 1. HP: 17/17 MP: 1/1
   153 | D:1      | Reached XP level 2. HP: 23/23 MP: 2/2
   396 | D:1      | Found Wiesh's Magic Scroll Shoppe.
   408 | D:1      | Reached XP level 3. HP: 12/28 MP: 3/3
   624 | D:1      | Bought a scroll of identify for 28 gold pieces
   624 | D:1      | Bought a scroll of identify for 28 gold pieces
  1005 | D:1      | You fall into a shaft and drop 1 floor!
  1017 | D:2      | Reached skill level 1 in Invocations
  1145 | D:2      | Reached skill level 1 in Short Blades
  1145 | D:2      | Reached skill level 1 in Long Blades
  1145 | D:2      | Reached skill level 1 in Axes
  1145 | D:2      | Reached skill level 1 in Maces & Flails
  1145 | D:2      | Reached skill level 1 in Polearms
  1145 | D:2      | Reached skill level 1 in Staves
  1145 | D:2      | Reached skill level 1 in Ranged Weapons
  1145 | D:2      | Reached skill level 1 in Throwing
  1145 | D:2      | Reached skill level 1 in Armour
  1145 | D:2      | Reached skill level 1 in Stealth
  1145 | D:2      | Reached skill level 1 in Shields
  1145 | D:2      | Reached skill level 1 in Spellcasting
  1145 | D:2      | Reached skill level 1 in Evocations
  1317 | D:2      | Reached XP level 4. HP: 26/34 MP: 5/5
  2148 | D:3      | Reached skill level 1 in Conjurations
  2148 | D:3      | Reached skill level 1 in Hexes
  2148 | D:3      | Reached skill level 1 in Summonings
  2148 | D:3      | Reached skill level 1 in Necromancy
  2148 | D:3      | Reached skill level 1 in Translocations
  2148 | D:3      | Reached skill level 1 in Transmutations
  2148 | D:3      | Reached skill level 1 in Fire Magic
  2148 | D:3      | Reached skill level 1 in Ice Magic
  2148 | D:3      | Reached skill level 1 in Air Magic
  2148 | D:3      | Reached skill level 1 in Earth Magic
  2148 | D:3      | Reached skill level 1 in Poison Magic
  2243 | D:3      | Found a hazy altar of Hepliaklqana.
  2246 | D:3      | Found a sacrificial altar of Ru.
  2254 | D:3      | Found a hide-covered altar of Uskayaw.
  2264 | D:3      | Found an iron altar of Okawaru.
  2339 | D:3      | Found a faded altar of an unknown god.
  2357 | D:3      | Prayed at the altar of an unknown god.
  2357 | D:3      | Became a worshipper of Trog the Wrathful
  2357 | D:3      | Reached * piety under Trog
  2769 | D:3      | Noticed Robin
  2776 | D:3      | Reached XP level 5. HP: 38/40 MP: 6/6
  2781 | D:3      | Killed Robin
  2988 | D:4      | Found a transporter.
  3419 | D:4      | Reached XP level 6. HP: 42/47 MP: 8/8
  3461 | D:4      | Reached ** piety under Trog
  3478 | D:4      | Reached skill level 5 in Dodging
  3749 | D:4      | Reached XP level 7. HP: 12/52 MP: 10/10
  3790 | D:4      | Killed from afar by an orc priest

Illustrated notes

Levels and vault maps discovered:
D:1:      dpeg_arrival_refuge, layout_basic, serial_shops, shop
D:2:      layout_loops_corners, guppyfry_early_lair_pool
D:3:      layout_basic, grunt_temple_overflow_cloverleaf,
          shapermc_ecumenical_altar_starsandcircs, uniq_robin
D:4:      layout_cave_pools, mainiacjoe_overflow_alcove_2, gammafunk_ghost_arena

Skill      XL: |  1  2  3  4  5  6 |
---------------+-------------------+-----
Invocations    | 1 2 |  2.5
Short Blades   | 1 2 |  2.2
Long Blades    | 1 2 |  2.2
Axes           | 1 2 |  2.2
Maces & Flails | 1 2 |  2.2
Polearms       | 1 2 |  2.2
Staves         | 1 2 |  2.2
Ranged Weapons | 1 2 |  2.2
Throwing       | 1 2 |  2.2
Armour         | 1 2 |  2.2
Stealth        | 1 2 |  2.2
Shields        | 1 2 |  2.2
Spellcasting   | 1 2 |  2.2
Evocations     | 1 2 |  2.2
Conjurations   | 1 |  1.8
Hexes          | 1 |  1.8
Summonings     | 1 |  1.8
Necromancy     | 1 |  1.8
Translocations | 1 |  1.8
Transmutations | 1 |  1.8
Fire Magic     | 1 |  1.8
Ice Magic      | 1 |  1.8
Air Magic      | 1 |  1.8
Earth Magic    | 1 |  1.8
Poison Magic   | 1 |  1.8
Fighting       | 3 |  3.4
Dodging        | 5 |  5.1
Unarmed Combat | |  6.9
Shapeshifting  | |  6.8

Action                     |  1- 3 |  4- 6 |  7- 9 || total
---------------------------+-------+-------+-------++-------
  Melee: Unarmed           |    40 |       |       ||    40
         Bite              |     4 |    13 |       ||    17
         Dagger            |    21 |   128 |       ||   149
         Punch             |     2 |     2 |       ||     4
  Throw: Dart              |       |     6 |     2 ||     8
         Javelin           |       |     2 |       ||     2
 Invoke: Berserk           |       |     2 |       ||     2
Ability: Begin Untransform |       |     1 |       ||     1
    Use: Scroll            |       |     3 |       ||     3
   Stab: Sleeping          |       |     5 |       ||     5
 Armour: Animal skin       |    23 |    30 |       ||    53
         Leather armour    |       |    19 |       ||    19
  Dodge: Dodged            |    37 |    65 |       ||   102

Table legend: (Time is in decaauts)
 A = Elapsed time spent in this place.
 B = Non-inter-level travel time spent in this place.
 C = Inter-level travel time spent in this place.
 D = Time resting spent in this place.
 E = Time spent auto-exploring this place.
 F = Levels seen in this place.
 G = Mean time per level.
                   A        B        C        D        E       F      G
               +--------+--------+--------+--------+--------+-----+--------+
         Total |   3796 |   3567 |    229 |    869 |   2182 |   4 |  949.0 |
       Dungeon |   3796 |   3567 |    229 |    869 |   2182 |   4 |  949.0 |
               +--------+--------+--------+--------+--------+-----+--------+

Top non-repeatable levels by time:
     D:2: 1061 daAuts
     D:1: 999 daAuts
     D:3: 895 daAuts
     D:4: 839 daAuts
